 Dungeon Crawl Stone Soup version 0.31-a0-1308-ga3cce3a448 (webtiles) character file.

Game seed: 3243027110382219746

11043 IdlyInterested the Carver (level 11, -7/81 HPs)
             Began as a Demonspawn Fighter on Dec 19, 2023.
             Was an Elder of Okawaru.
             Killed from afar by an electric eel (9 damage)
             ... with a bolt of electricity
             ... on level 11 of the Dungeon.
             The game lasted 00:49:28 (11293 turns).

IdlyInterested the Carver (Demonspawn Fighter)     Turns: 11293, Time: 00:49:28

Health: -7/81      AC: 17    Str: 13    XL:     11   Next: 44%
Magic:  24/24      EV: 21    Int:  8    God:    Okawaru [****..]
Gold:   406        SH:  6    Dex: 17    Spells: 10/10 levels left

rFire   + + +        o - +0 scimitar
rCold   + . .        c - +0 buckler
rNeg    . . .        U - +3 ring mail {rC+}
rPois   +            (helmet restricted)
rElec   .            I - +0 cloak {rPois}
rCorr   .            S - +1 pair of gloves "Myam" {rF++ MP+9 Str-4}
SInv    .            A - +1 pair of boots
Will    +....        h - amulet of the acrobat
Stlth   ++           Q - +5 ring of evasion
HPRegen 0.33/turn    G - +5 ring of evasion
MPRegen 0.38/turn

%: acrobat
@: no status effects
A: horns 2, thin metallic scales 1, ignite blood 2, magic regeneration, fire
resistance 1, strong-willed 1, shaggy fur 1
a: Renounce Religion, Heroism, Finesse


You were on level 11 of the Dungeon.
You worshipped Okawaru.
Okawaru was greatly pleased with you.
You visited 2 branches of the dungeon, and saw 12 of its levels.
You also visited: Ossuary.

You collected 797 gold pieces.
You spent 391 gold pieces at shops.

Inventory:

Hand Weapons
 a - a +2 heavy long sword
 o - a +0 scimitar (weapon)
 z - the +4 dagger "Icol" {vamp, rF- rN+ Int+4}
   (You found it on level 3 of the Dungeon)

   Int+4:     It affects your intelligence (+4).
   rF-:       It makes you vulnerable to fire.
   rN+:       It protects you from negative energy.
 W - a +2 antimagic dagger
Missiles
 i - 9 boomerangs
 m - 73 stones (quivered)
 s - 49 poisoned darts
Armour
 b - an orb of light
 c - a +0 buckler (worn)
 A - a +1 pair of boots (worn)
 I - a +0 cloak of poison resistance (worn)
 S - the +1 pair of gloves "Myam" (worn) {rF++ MP+9 Str-4}
   (You found it on level 6 of the Dungeon)

   Str-4:     It affects your strength (-4).
   rF++:      It greatly protects you from fire.
   MP+9:      It affects your magic capacity (+9).
 U - a +3 ring mail of cold resistance (worn)
Jewellery
 e - a ring of resist corrosion
 h - an amulet of the acrobat (around neck)
 k - an amulet of magic regeneration
 w - a +6 ring of intelligence
 G - a +5 ring of evasion (right hand)
 Q - a +5 ring of evasion (left hand)
 V - a ring of protection from cold
Wands
 g - a wand of flame (23)
 p - a wand of acid (12)
 q - a wand of digging (6)
 t - a wand of polymorph (18)
 B - a wand of iceblast (31)
 R - a wand of mindburst (22)
Scrolls
 n - 3 scrolls of vulnerability
 v - 4 scrolls of teleportation
 y - 3 scrolls of blinking
 D - a scroll of torment
 F - 3 scrolls of poison
 K - a scroll of fear
 L - a scroll of enchant weapon
 P - a scroll of enchant armour
 T - a scroll of immolation
 X - 2 scrolls of fog
Potions
 d - 2 potions of attraction
 f - 7 potions of curing
 j - a potion of resistance
 l - a potion of mutation
 r - 2 potions of magic
 C - 5 potions of lignification
 H - a potion of haste
 M - a potion of invisibility
 Y - 2 potions of might


   Skills:
 - Level 6.0 Fighting
 * Level 12.2 Long Blades
 - Level 3.0 Throwing
 - Level 3.0 Armour
 - Level 3.0 Dodging
 - Level 3.0 Stealth
 + Level 7.8 Shields
 - Level 6.0 Invocations
 - Level 3.0 Evocations


You had 10 spell levels left.
You didn't know any spells.
Your spell library contained the following spells:

 Spells                   Type           Power      Damage    Failure   Level
 Apportation              Tloc           0%         N/A       75%         1
 Freeze                   Ice            0%         1d3       75%         1
 Magic Dart               Conj           0%         1d3       75%         1
 Shock                    Conj/Air       0%         1d3       75%         1
 Ensorcelled Hibernation  Hex/Ice        0%         N/A       87%         2
 Jinxbite                 Hex            0%         N/A       87%         2
 Searing Ray              Conj           0%         2d4       87%         2
 Frozen Ramparts          Ice            0%         1d1       98%         3
 Hailstorm                Conj/Ice       0%         3d5       98%         3
 Swiftness                Air            0%         N/A       98%         3
 Volatile Blastmotes      Fire/Tloc      0%         2d10      98%         3
 Airstrike                Air            0%         2d(0-16)  100%        4
 Anguish                  Hex/Necr       0%         N/A       100%        4
 Fulminant Prism          Conj/Hex       0%         3d5       100%        4
 Alistair's Intoxication  Tmut/Pois      0%         N/A       100%        5
 Silence                  Hex/Air        0%         N/A       100%        5
 Yara's Violent Unravell  Hex/Tmut       0%         3d3       100%        5
 Summon Ice Beast         Ice/Summ       Unusable   N/A       N/A         4
 Summon Mana Viper        Hex/Summ       Unusable   N/A       N/A         5
 Simulacrum               Ice/Necr       Unusable   N/A       N/A         6

Dungeon Overview and Level Annotations

Branches:
Dungeon (11/15)            Temple (1/1) D:7            Lair (0/5) D:11
Ossuary (visited)
    Orc: D:9-12

Altars:
Ashenzari
Cheibriados
Dithmenos
Fedhas
Gozag
Hepliaklqana
Kikubaaqudgha
Makhleb
Nemelex Xobeh
Okawaru
Qazlal
Ru
Sif Muna
Trog
Uskayaw
Vehumet
Wu Jian
Xom
Yredelemnul

Shops:
D:1 =[([   D:10 =


Innate Abilities, Weirdness & Mutations

You have a pair of horns on your head.
You are partially covered in thin metallic scales. (AC +2)
Your demonic aura often causes spilled blood to erupt in flames.
You regenerate magic rapidly.
Your flesh is heat resistant. (rF+)
You are strong-willed. (Will+)
You are covered in fur. (AC +1)


Message History

You headbutt the water elemental, but do no damage.
The water elemental is almost destroyed.
Your lungs strain for air!
The water elemental hits you.
You barely miss the water elemental.
The water elemental is almost destroyed.
* * * LOW HITPOINT WARNING * * *
Your lungs strain for air!
The water elemental misses you.
The electric eel shoots out a bolt of lightning at you!
The bolt of electricity hits the water elemental.
The water elemental resists.
The bolt of electricity hits you!
* * * LOW HITPOINT WARNING * * *
The bolt of electricity misses you.
The bolt of electricity hits the water elemental.
The water elemental resists.
The electric eel shoots out a bolt of lightning at you!
The bolt of electricity hits you.
* * * LOW HITPOINT WARNING * * *
You feel better.
* * * LOW HITPOINT WARNING * * *
Your lungs strain for air!
You block the water elemental's attack.
Unknown command.
You miss the electric eel.
* * * LOW HITPOINT WARNING * * *
Your lungs strain for air!
You block the water elemental's attack.
Unknown command.
You hit the electric eel but do no damage.
* * * LOW HITPOINT WARNING * * *
Your lungs strain for air!
The electric eel shoots out a bolt of lightning at you!
The bolt of electricity hits the water elemental.
The water elemental resists.
The water elemental is destroyed!
The water engulfing you falls away.
You gasp with relief as air once again reaches your lungs.
The bolt of electricity hits you!
You die...

~~ ~~# .... ~~~~
...########~~~~ .....
....~~~~~ ####.#.#
#...~~~~~ ..#.#.#
#@..~~~~~
#>#.#.###~SS~~~~~
#######.#..P..$.~~~~~~~
........)†.P.P....~~~~~
######.....P.PP.P...^~~~
........†.P.P.PP.P..P..~
###............P..P..P.~
#........P....P.PP$P.P..
........)....P.P.P..P.P.


You could see 2 electric eels.

Vanquished Creatures
  The ghost of SecretSquirrel the Cleaver, a novice MiMo of Okawaru (D:9)
  An orange crystal statue (D:8)
  The ghost of wally255 the Slasher, a novice DsFi of Trog (D:6)
  A harpy (shapeshifter) (D:11)
  An ice statue (D:9)
  A gargoyle (D:10)
  Jeremiah (D:7)
  2 hornets (D:9)
  Sigmund (D:2)
  2 shadows
  A wraith (D:11)
  A wyvern (D:9)
  11 yaks (D:11)
  2 steam dragons
  Menkaure (D:4)
  4 vampire mosquitoes
  A water moccasin (D:11)
  3 orc warriors (D:9)
  6 black bears
  3 ice beasts
  3 ogres
  4 centaurs
  A phantom (D:5)
  3 kobold brigands
  3 gnoll sergeants
  5 bullfrogs
  2 scorpions (D:6)
  7 killer bees
  2 electric eels (D:9)
  8 howler monkeys
  3 centaur zombies (Ossuary)
  4 orc priests
  3 hounds
  Crazy Yiuf (D:4)
  A sleepcap (D:4)
  Ijyb (D:5)
  Natasha (thrice) (D:2)
  Terence (D:2)
  10 orc wizards
  An iguana (D:5)
  A crocodile zombie (Ossuary)
  3 hound zombies (Ossuary)
  3 mummies (Ossuary)
  Robin (D:3)
  13 gnolls
  7 adders
  2 shadow imps
  2 white imps
  2 ufetubi (D:6)
  3 adder zombies (Ossuary)
  3 worms
  6 dart slugs
  37 orcs
  9 ball pythons
  9 endoplasms
  2 giant cockroaches
  13 goblins
  7 hobgoblins
  15 jackals
  8 kobolds
  2 quokkas
  2 ball python zombies (Ossuary)
  4 bats
  2 frilled lizards
  A gnoll zombie (Ossuary)
  7 hobgoblin zombies (Ossuary)
  2 jackal zombies (Ossuary)
  8 kobold zombies (Ossuary)
  An orc zombie (Ossuary)
  5 quokka zombies (Ossuary)
  6 rats
297 creatures vanquished.

Vanquished Creatures (others)
  A water elemental (D:11)
1 creature vanquished.

Grand Total: 298 creatures vanquished

Notes
Turn   | Place    | Note
-------+----------+-------------------------------------------
     0 | D:1      | IdlyInterested the Demonspawn Fighter began the quest for
                  | the Orb.
     0 | D:1      | Reached XP level 1. HP: 18/18 MP: 1/1
    54 | D:1      | Reached skill level 2 in Long Blades
   102 | D:1      | Found Hugenuv's Weapon Shop.
   187 | D:1      | Found Zehaat's Distillery.
   194 | D:1      | Gained mutation: You regenerate magic rapidly. [demonic
                  | ancestry]
   194 | D:1      | Reached XP level 2. HP: 23/24 MP: 2/2
   236 | D:1      | Found Isesulewnu's Antique Armour Emporium.
   501 | D:1      | Reached skill level 3 in Long Blades
   534 | D:1      | Found Ituwnu's Jewellery Boutique.
   738 | D:1      | Reached XP level 3. HP: 22/29 MP: 3/3
   858 | D:1      | Found Padas's Armour Boutique.
  1241 | D:2      | Found a stormy altar of Qazlal.
  1247 | D:2      | Noticed Natasha
  1247 | D:2      | Noticed Sigmund
  1271 | D:2      | Reached skill level 1 in Dodging
  1279 | D:2      | Killed Natasha
  1281 | D:2      | Gained mutation: You have a pair of small horns on your
                  | head. [demonic ancestry]
  1281 | D:2      | Reached XP level 4. HP: 25/35 MP: 4/4
  1291 | D:2      | Killed Sigmund
  1292 | D:2      | Reached XP level 5. HP: 8/41 MP: 5/5
  1359 | D:2      | Noticed Natasha
  1365 | D:2      | Killed Natasha
  1456 | D:2      | Noticed Terence
  1469 | D:2      | Killed Terence
  1470 | D:2      | Reached XP level 6. HP: 28/47 MP: 6/6
  1787 | D:2      | Noticed Natasha
  1799 | D:2      | Killed Natasha
  2053 | D:3      | Noticed Robin
  2076 | D:3      | Killed Robin
  2093 | D:3      | Identified the +4 dagger "Icol" {vamp, rF- rN+ Int+4}
  2178 | D:1      | Bought a potion of curing for 39 gold pieces
  2301 | D:3      | Got the Anthology of Places and Doom
  2303 | D:3      | Gained mutation: You sometimes lose your temper in combat.
                  | [potion of mutation]
  2303 | D:3      | Gained mutation: You are resistant to electric shocks.
                  | (rElec) [potion of mutation]
  2422 | D:3      | Found a faded altar of an unknown god.
  2422 | D:3      | Noticed a rust devil
  2555 | D:3      | Found an opulent altar of Gozag.
  2886 | D:4      | Noticed an orc warrior
  2916 | D:4      | Reached skill level 1 in Stealth
  2916 | D:4      | an orc warrior changed into a kobold
  3198 | D:4      | Noticed Menkaure
  3199 | D:4      | Gained mutation: You are partially covered in thin metallic
                  | scales. (AC +2) [demonic ancestry]
  3199 | D:4      | Reached XP level 7. HP: 52/52 MP: 7/7
  3203 | D:4      | Killed Menkaure
  3204 | D:4      | Reached skill level 5 in Shields
  3354 | D:4      | Found a runed translucent door.
  3355 | D:4      | Noticed Crazy Yiuf
  3695 | D:4      | Killed Crazy Yiuf
  3946 | D:1      | Bought a potion of enlightenment for 65 gold pieces
  3946 | D:1      | Bought a potion of degeneration for 13 gold pieces
  3946 | D:1      | Bought a potion of attraction for 39 gold pieces
  3946 | D:1      | Bought a potion of lignification for 39 gold pieces
  3997 | D:5      | Entered Level 5 of the Dungeon
  4168 | D:5      | Found a sand-covered staircase.
  4178 | Ossuary  | Entered an ossuary
  4355 | Ossuary  | Reached skill level 1 in Evocations
  4482 | Ossuary  | Gained mutation: Your demonic aura sometimes causes spilled
                  | blood to erupt in flames. [demonic ancestry]
  4482 | Ossuary  | Reached XP level 8. HP: 52/58 MP: 8/8
  4853 | D:5      | Noticed Ijyb
  4869 | D:5      | Killed Ijyb
  5284 | D:6      | Reached skill level 4 in Long Blades
  5304 | D:6      | Reached skill level 1 in Invocations
  5451 | D:6      | Identified the +1 pair of gloves "Myam" {rF++ MP+9 Str-4}
  5538 | D:6      | Found a sparkling altar of Nemelex Xobeh.
  5567 | D:6      | Found a shadowy altar of Dithmenos.
  5570 | D:6      | Found a blossoming altar of Fedhas.
  5572 | D:6      | Found a sacrificial altar of Ru.
  5584 | D:6      | Reached skill level 5 in Long Blades
  5612 | D:6      | Found a runed translucent door.
  5616 | D:6      | Noticed wally255's ghost (novice DsFi)
  5646 | D:6      | Killed wally255's ghost
  5647 | D:6      | Reached skill level 6 in Long Blades
  5647 | D:6      | Reached XP level 9. HP: 50/63 MP: 12/12
  6128 | D:1      | Bought a glowing ring mail for 196 gold pieces
  6272 | D:7      | Noticed Jeremiah
  6288 | D:7      | Reached skill level 5 in Invocations
  6360 | D:7      | Killed Jeremiah
  6361 | D:7      | Reached skill level 7 in Long Blades
  6722 | D:7      | Found an ornate altar of the Wu Jian Council.
  6735 | D:7      | Reached skill level 8 in Long Blades
  6737 | D:7      | Found an ancient bone altar of Kikubaaqudgha.
  6801 | D:7      | Found a staircase to the Ecumenical Temple.
  6807 | Temple   | Entered the Ecumenical Temple
  6823 | Temple   | Became a worshipper of Warmaster Okawaru
  7358 | D:8      | Lost mutation: You sometimes lose your temper in combat.
                  | [potion of mutation]
  7358 | D:8      | Lost mutation: You are resistant to electric shocks.
                  | (rElec) [potion of mutation]
  7358 | D:8      | Gained mutation: You are covered in fur. (AC +1) [potion of
                  | mutation]
  7358 | D:8      | Gained mutation: Your flesh is heat resistant. (rF+)
                  | [potion of mutation]
  7358 | D:8      | Gained mutation: You are strong-willed. (Will+) [potion of
                  | mutation]
  7640 | D:8      | Gained mutation: You have a pair of horns on your head.
                  | [demonic ancestry]
  7640 | D:8      | Reached XP level 10. HP: 67/71 MP: 14/14
  7644 | D:8      | Reached * piety under Okawaru
  7655 | D:8      | Reached skill level 9 in Long Blades
  7948 | D:8      | Noticed an orange crystal statue
  7970 | D:8      | Killed an orange crystal statue
  8435 | D:9      | Identified the +9 dagger "Ziynler" {flame, rPois}
  8470 | D:9      | Paralysed by a hornet for 3 turns
  8562 | D:9      | Noticed an angel
  8670 | D:9      | Reached skill level 5 in Fighting
  8735 | D:9      | Noticed an ice statue
  8764 | D:9      | Killed an ice statue
  8931 | D:9      | Found a shimmering altar of Xom.
  8946 | D:9      | Reached ** piety under Okawaru
  8947 | D:9      | Reached skill level 10 in Long Blades
  9232 | D:9      | Found a stormy altar of Qazlal.
  9448 | D:9      | Found a runed translucent gate.
  9448 | D:9      | Found a runed translucent gate.
  9448 | D:9      | Found a runed translucent gate.
  9458 | D:9      | Noticed SecretSquirrel's ghost (novice MiMo)
  9803 | D:9      | Killed SecretSquirrel's ghost
 10063 | D:9      | Reached *** piety under Okawaru
 10068 | D:9      | Reached skill level 11 in Long Blades
 10187 | D:10     | Entered Level 10 of the Dungeon
 10224 | D:10     | Noticed a gargoyle
 10245 | D:10     | Killed a gargoyle
 10431 | D:10     | Gained mutation: Your demonic aura often causes spilled
                  | blood to erupt in flames. [demonic ancestry]
 10431 | D:10     | Reached XP level 11. HP: 81/81 MP: 15/15
 10648 | D:10     | Found Xotryt's Jewellery Shop.
 10995 | D:11     | Found a staircase to the Lair.
 11018 | D:11     | Reached **** piety under Okawaru
 11074 | D:11     | Reached skill level 12 in Long Blades
 11080 | D:11     | Noticed a harpy
 11095 | D:11     | Killed a harpy
 11293 | D:11     | HP: 1/81 [drowned by a water elemental (5)]
 11293 | D:11     | Killed from afar by an electric eel

Illustrated notes

Levels and vault maps discovered:
D:1:      lemuel_arrival_funnel, layout_basic, serial_shops, shop, shop,
          nicolae_shop_stone, shop, shop, chequers_big_river
D:2:      layout_basic, basic_altar, grunt_decor_cap, uniq_sigmund,
          uniq_terence, uniq_natasha
D:3:      layout_rooms, nicolae_gozag_cash_rules_everything_around_me,
          dreamdust_ecumenical_altar_sealed_demon, minivault_4, uniq_robin
D:4:      layout_cave_pools, minmay_gold_behind_fungi,
          small_statue_intersection, solitary_fountain, grunt_ministairs_6,
          kennysheep_nub, uniq_crazy_yiuf_cottage, uniq_menkaure
D:5:      layout_loops_ring, nicolae_ossuary_entry_ruins, minmay_quadrilaterals,
          uniq_ijyb
D:6:      layout_cave_pools, grunt_temple_overflow_open,
          nemelex_dance_club_becter, ebering_ghost_sewer_d, lemuel_flame_loot_1
D:7:      layout_cave_pools, mainiacjoe_overflow_big_doors,
          minmay_temple_entry_tees, uniq_jeremiah
D:8:      minmay_statue_hallways, layout_loops_ring
D:9:      lemuel_ice_statue, layout_basic,
          grunt_temple_overflow_order_and_chaos_1, nicolae_overflow_squiral,
          ebering_ghost_rock_garden, nicolae_fountain_basement
D:10:     layout_roguey, serial_shops, nicolae_shop_tiny_glass
D:11:     layout_basic, due_lair_maze_entry_diamond, orc_0_dummy
Temple:   grunt_temple_mini_profane

Skill      XL: |  1  2  3  4  5  6  7  8  9 10 11 |
---------------+----------------------------------+-----
Long Blades    | 2 3 6 8 11 12 | 12.2
Armour         | 3 |  3.0
Dodging        | 2 3 |  3.0
Throwing       | 2 3 |  3.0
Shields        | 3 4 6 7 |  7.8
Stealth        | 1 3 |  3.0
Evocations     | 1 3 |  3.0
Invocations    | 4 6 |  6.0
Fighting       | 4 6 |  6.0

Action                     |  1- 3 |  4- 6 |  7- 9 | 10-12 || total
---------------------------+-------+-------+-------+-------++-------
  Melee: Long sword        |    93 |   163 |       |    73 ||   329
         Unarmed           |    14 |       |       |       ||    14
         Headbutt          |       |    29 |    95 |    84 ||   208
         Scimitar          |       |    32 |   498 |   278 ||   808
  Throw: Stone             |       |     1 |     7 |     8 ||    16
 Invoke: Heroism           |       |       |       |     1 ||     1
  Evoke: Wand              |       |     1 |       |     3 ||     4
    Use: Potion            |       |     5 |     2 |    13 ||    20
         Scroll            |       |     5 |     5 |     4 ||    14
   Stab: Distracted        |       |     1 |       |       ||     1
         Sleeping          |       |       |       |     1 ||     1
 Armour: Scale mail        |    66 |   131 |       |       ||   197
         Skin              |     6 |       |       |       ||     6
         Chain mail        |       |    33 |   200 |       ||   233
         Ring mail         |       |       |    82 |   174 ||   256
  Dodge: Dodged            |    70 |   116 |   365 |   356 ||   907
  Block: Buckler           |    24 |    60 |   160 |   124 ||   368

Table legend: (Time is in decaauts)
 A = Elapsed time spent in this place.
 B = Non-inter-level travel time spent in this place.
 C = Inter-level travel time spent in this place.
 D = Time resting spent in this place.
 E = Time spent auto-exploring this place.
 F = Levels seen in this place.
 G = Mean time per level.
                   A        B        C        D        E       F      G
               +--------+--------+--------+--------+--------+-----+--------+
         Total |  11539 |  10168 |   1371 |   1950 |   4993 |  13 |  887.6 |
       Dungeon |  11093 |   9750 |   1343 |   1909 |   4881 |  11 | 1008.5 |
        Temple |     30 |      2 |     28 |      0 |      0 |   1 |   30.0 |
       Ossuary |    414 |    414 |      0 |     41 |    112 |   1 |  414.0 |
               +--------+--------+--------+--------+--------+-----+--------+

Top non-repeatable levels by time:
     D:9: 1737 daAuts
     D:1: 1341 daAuts
     D:8: 1219 daAuts
     D:4: 1087 daAuts
     D:2: 983 daAuts
     D:7: 979 daAuts
     D:5: 975 daAuts
     D:6: 897 daAuts
     D:3: 845 daAuts
    D:10: 621 daAuts
 Ossuary: 414 daAuts
    D:11: 404 daAuts
  Temple: 30 daAuts
